 Dungeon Crawl Stone Soup version 0.25-a0-578-gc91f01c39c (webtiles) character file.

Game seed: 22690042989750261, levelgen mode: deterministic

249 MisterFreud the Skirmisher (level 6, -3/43 HPs)
             Began as an Octopode Artificer on Mar 3, 2020.
             Slain by Pikel
             ... wielding a +2 whip of flaming
              (12 damage)
             ... on level 3 of the Dungeon.
             The game lasted 00:03:00 (1978 turns).

MisterFreud the Skirmisher (Octopode Artificer)     Turns: 1978, Time: 00:03:01

Health: -3/43      AC:  1    Str: 11    XL:     6   Next: 12%
Magic:  8/8        EV: 14    Int: 15    God:
Gold:   221        SH:  0    Dex: 13    Spells: 5/5 levels left

rFire    . . .     SeeInvis .   i - +2 dagger (speed)
rCold    . . .     Gourm    .   (no shield)
rNeg     . . .     Faith    .   (helmet restricted)
rPois    .         Spirit   .   (no amulet)
rElec    .         Reflect  .   (no ring)
rCorr    .         Harm     .   (no ring)
MR       .....                  (no ring)
Stlth    +++.......             (no ring)
HPRegen  0.14/turn              (no ring)
MPRegen  0.11/turn              (no ring)
                                (no ring)
                                (no ring)

@: no status effects
A: almost no armour, stealthy swim, amphibious, 8 rings, constrict 8, camouflage
1, gelatinous body 1
a: no special abilities


You were on level 3 of the Dungeon.
You were not hungry.

You visited 1 branch of the dungeon, and saw 4 of its levels.

You collected 221 gold pieces.

Inventory:

Hand Weapons
 a - a +0 short sword
 i - a +2 dagger of speed (weapon)
Missiles
 l - 109 stones (quivered)
 q - 5 javelins
 w - 30 sling bullets
 y - 63 arrows
Wands
 b - a wand of flame (15)
 c - a wand of enslavement (15)
 d - a wand of random effects (15)
Scrolls
 j - a scroll of teleportation {unknown}
 k - 2 scrolls of amnesia {unknown}
 n - 2 scrolls of fear {unknown}
 o - 3 scrolls of enchant armour {unknown}
 p - a scroll of immolation {unknown}
 s - 2 scrolls of blinking {unknown}
 t - 2 scrolls of remove curse {unknown}
 u - 3 scrolls of identify {unknown}
 v - 2 scrolls of noise {unknown}
 x - a scroll of magic mapping {unknown}
Potions
 e - a potion of flight {unknown}
 h - a potion of degeneration {unknown}
 m - 3 potions of curing {unknown}
 r - a potion of brilliance {unknown}
 z - a potion of heal wounds {unknown}
 A - a potion of haste {unknown}
Comestibles
 f - 6 rations


   Skills:
 - Level 4.0 Fighting
 - Level 1.0 Short Blades
 + Level 3.3 Dodging
 - Level 1.3 Stealth
 - Level 3.0 Unarmed Combat
 - Level 3.2 Evocations


You had 5 spell levels left.
You didn't know any spells.
Your spell library was empty.

Dungeon Overview and Level Annotations

Branches:
Dungeon (4/15)
 Temple: D:4-7

Altars:
Nemelex Xobeh

Shops:
D:4 (

Annotations:
D:3 Pikel


Innate Abilities, Weirdness & Mutations

You cannot wear most types of armour.
You are very stealthy in the water. (Stealth+)
You are amphibious.
You can wear up to eight rings at the same time.
You can use your tentacles to constrict eight enemies at once.
Your skin changes colour to match your surroundings (Stealth+).
Your rubbery body absorbs attacks. (AC +1, EV +1)


Message History

You kill the slave!
That felt strangely unrewarding.
Pikel hits you with a +2 whip of flaming.
Pikel burns you.
You climb upwards.
There is a stone staircase leading down here.
You closely miss Pikel. Your grab misses Pikel. You hit Pikel.
Your grab misses Pikel.
Pikel is lightly wounded.
Pikel hits you with a +2 whip of flaming!
* * * LOW HITPOINT WARNING * * *
Pikel burns you.
* * * LOW HITPOINT WARNING * * *
You hit Pikel. Your grab misses Pikel. You squeeze Pikel.
Pikel is lightly wounded.
Pikel barely misses you.
You hit Pikel. Your grab misses Pikel.
Pikel is lightly wounded.
Pikel hits you with a +2 whip of flaming!
You die...

#.# ##.....P.....P..#####
#.. #.#
♣8................# ###
#.## ####.########'#####
#..# #..P....##.8P..8.#
##.#
#..P.P.♣##)...P..#########
#.# #♣8..P.♣
#..._P.♣##....... #.#
##P⌠.######...## ########
#.# #####.K>###### #.#
###..##@#.# #.##
#...###.#.# #..## #.###
#...# ##..####.# #..##
##..#..<# #..# ##...###
#..# ###.# #..# ### ####


You could see Pikel.

Vanquished Creatures
  A slave (D:4)
  A centaur (D:4)
  A centaur skeleton (D:4)
  3 gnolls (D:2)
  4 adders
  An adder skeleton (D:4)
  3 worms
  2 dart slugs (D:1)
  3 leopard geckos
  2 giant cockroaches
  6 goblins
  9 hobgoblins
  3 jackals (D:1)
  A quokka (D:2)
  4 bats
  3 frilled lizards (D:2)
  6 kobolds
  7 rats
60 creatures vanquished.

Notes
Turn   | Place    | Note
-------+----------+-------------------------------------------
     0 | D:1      | MisterFreud the Octopode Artificer began the quest for the
                  | Orb.
     0 | D:1      | Reached XP level 1. HP: 13/13 MP: 3/3
    87 | D:1      | Reached skill level 2 in Fighting
    87 | D:1      | Reached XP level 2. HP: 15/19 MP: 4/4
   292 | D:1      | Reached XP level 3. HP: 25/25 MP: 5/5
   346 | D:1      | Reached skill level 3 in Fighting
  1129 | D:2      | Reached XP level 4. HP: 33/33 MP: 6/6
  1130 | D:2      | Reached skill level 4 in Fighting
  1263 | D:2      | Reached skill level 1 in Unarmed Combat
  1386 | D:3      | Found a sparkling altar of Nemelex Xobeh.
  1514 | D:3      | Reached XP level 5. HP: 37/37 MP: 7/7
  1537 | D:3      | Found a faded altar of an unknown god.
  1693 | D:4      | Noticed a centaur
  1701 | D:4      | Killed a centaur
  1921 | D:4      | Found Tocekugi's Weapon Boutique.
  1936 | D:4      | Reached XP level 6. HP: 32/43 MP: 8/8
  1949 | D:4      | Noticed a slave
  1950 | D:4      | Noticed a slave
  1951 | D:4      | Noticed Pikel
  1951 | D:4      | Noticed a slave
  1970 | D:4      | Killed a slave
  1972 | D:4      | Noticed a slave
  1978 | D:3      | Slain by Pikel

Levels and vault maps discovered:
D:1:      lightli_molten_gateway, layout_rooms, minmay_hexomino_f4
D:2:      layout_basic, minmay_box_of_dots
D:3:      layout_rooms, chequers_ecumenical_altar_lobes,
          nemelex_xobeh_ov_fountains_minmay
D:4:      layout_gridville, first_ration, serial_shops, shop_fountains,
          serial_bayou_pond_d, uniq_natasha, uniq_pikel

Skill      XL: |  1  2  3  4  5  6 |
---------------+-------------------+-----
Fighting       | 2 3 4 |  4.0
Unarmed Combat | 1 2 3 |  3.0
Dodging        | 3 |  3.3
Short Blades   | |  1.0
Stealth        | |  1.3
Evocations     | |  3.2

Action                   |  1- 3 |  4- 6 || total
-------------------------+-------+-------++-------
Melee: Short sword       |    14 |       ||    14
       Constrict         |    25 |    10 ||    35
       Tentacles         |    17 |    17 ||    34
       Dagger            |    90 |    64 ||   154
       Punch             |       |     1 ||     1
 Stab: Sleeping          |    12 |     2 ||    14
  Eat: Chunk             |       |     3 ||     3
Armor: Skin              |     7 |     3 ||    10
Dodge: Dodged            |    43 |    22 ||    65

Table legend:
 A = Non-vault XP
 B = Vault XP
 C = Vault XP percentage of total XP
 D = Non-vault monster count
 E = Vault monster count
 F = Vault count percentage of total count
                 A         B        C        D         E       F
            +---------+---------+-------+---------+---------+-------
      Total |     343 |      14 |   3.9 |      52 |       7 |  11.9
            +---------+---------+-------+---------+---------+-------
        D:1 |      37 |       7 |  15.9 |      20 |       3 |  13.0
        D:2 |      86 |       7 |   7.5 |      19 |       4 |  17.4
        D:3 |      44 |       0 |   0.0 |       9 |       0 |   0.0
        D:4 |     176 |       0 |   0.0 |       4 |       0 |   0.0
            +---------+---------+-------+---------+---------+-------
